 Dungeon Crawl Stone Soup version 0.31.0-12-g77e489cdc1 (webtiles) character file.

Game seed: 4789855385322723934

1714 CougarLife the Cleaver (level 8, -15/74 HPs)
             Began as a Minotaur Fighter on Feb 13, 2024.
             Demolished by a two-headed ogre
             ... wielding a +0 giant club
              (21 damage)
             ... on level 6 of the Dungeon.
             The game lasted 00:05:38 (4670 turns).

CougarLife the Cleaver (Minotaur Fighter)           Turns: 4670, Time: 00:05:38

Health: -15/74     AC: 16    Str: 30    XL:     8   Next: 74%
Magic:  7/7        EV:  7    Int:  5    God:
Gold:   245        SH:  4    Dex:  9    Spells: 7/7 levels left

rFire   . . .        a - +0 war axe
rCold   . . .        c - +0 buckler
rNeg    . . .        G - +0 plate armour
rPois   +            (helmet restricted)
rElec   .            t - +1 cloak {rPois}
rCorr   .            A - +0 pair of gloves
SInv    +            (no boots)
Will    .....        (no amulet) Stlth
                     f - +6 ring of strength
HPRegen 0.32/turn    y - ring of see invisible
MPRegen 0.10/turn

%: no passive effects
@: no status effects
A: horns 2, retaliatory headbutt
a: no special abilities


You were on level 6 of the Dungeon.
You visited 1 branch of the dungeon, and saw 6 of its levels.

You collected 295 gold pieces.
You spent 50 gold pieces at shops.

Inventory:

Hand Weapons
 a - a +0 war axe (weapon)
Missiles
 k - 7 boomerangs (quivered)
 o - 3 poisoned darts
 s - 2 curare-tipped darts
 I - 2 javelins
Armour
 c - a +0 buckler (worn)
 t - a +1 cloak of poison resistance (worn)
 A - a +0 pair of gloves (worn)
 G - a +0 plate armour (worn)
Jewellery
 f - a +6 ring of strength (left hand)
 y - a ring of see invisible (right hand)
Wands
 p - a wand of polymorph (8)
 H - a wand of flame (20)
Scrolls
 b - a scroll of vulnerability {unknown}
 e - 2 scrolls of fog {unknown}
 g - 10 scrolls of identify {unknown}
 i - 2 scrolls of immolation {unknown}
 q - a scroll of summoning {unknown}
 u - a scroll of torment {unknown}
 w - 2 scrolls of teleportation {unknown}
 z - a scroll of fear {unknown}
 B - a scroll of enchant weapon {unknown}
 C - a scroll of revelation {unknown}
 F - a scroll of blinking {unknown}
Potions
 d - a potion of might
 h - a potion of berserk rage {unknown}
 j - 3 potions of haste {unknown}
 l - a potion of curing {unknown}
 m - a potion of resistance {unknown}
 n - 2 potions of heal wounds
 r - a potion of cancellation {unknown}
 v - a potion of magic {unknown}
 x - a potion of lignification {unknown}
 D - 3 potions of brilliance {unknown}
 E - a potion of enlightenment {unknown}
 J - a potion of degeneration {unknown}


   Skills:
 - Level 8.1 Fighting
 - Level 10.3 Axes
 + Level 6.2 Armour
 - Level 4.0 Shields


You had 7 spell levels left.
You didn't know any spells.
Your spell library contained the following spells:

 Spells                   Type           Power      Damage    Failure   Level
 Gell's Gravitas          Tloc           0%         N/A       100%        3
 Teleport Other           Tloc           0%         N/A       100%        3
 Dispersal                Tloc           0%         N/A       100%        6


Dungeon Overview and Level Annotations

Branches:
Dungeon (6/15)
 Temple: D:4-7

Altars:
Zin

Shops:
D:2 !


Innate Abilities, Weirdness & Mutations

You have a pair of horns on your head.
You reflexively headbutt those who attack you in melee.


Message History

A two-headed ogre comes into view.
It is wielding a +0 giant club and a +0 giant spiked club.
The shadow slips into darkness.
The shadow flickers and vanishes for a moment.
There is a stone staircase leading up here.
The two-headed ogre shouts in stereo!
You climb upwards.
There is a stone staircase leading down here.
You start resting.
HP restored.
You climb downwards.
A wight comes into view. It is wielding a +0 mace.
The two-headed ogre barely misses you.
The two-headed ogre hits you with a +0 giant spiked club!
The shadow hits you. You block the shadow's attack.
The wight moves out of view.
A wight comes into view.
It is wielding a +0 scimitar of electrocution.
There is a stone staircase leading up, spattered with blood here.
You hit the two-headed ogre.
Your headbutt misses the two-headed ogre.
The two-headed ogre is lightly wounded.
You hit the shadow but do no damage.
The two-headed ogre hits you with a +0 giant club!!
The two-headed ogre hits you with a +0 giant spiked club!
* * * LOW HITPOINT WARNING * * *
A wight comes into view. It is wielding a +7 war axe.
The shadow barely misses you.
You are too injured to fight recklessly!
You hit the two-headed ogre.
The two-headed ogre is lightly wounded.
You hit the shadow but do no damage. The two-headed ogre closely misses you.
You furiously retaliate!
You headbutt the two-headed ogre!
The two-headed ogre hits you with a +0 giant spiked club.
* * * LOW HITPOINT WARNING * * *
The shadow closely misses you.
You barely miss the two-headed ogre.
The two-headed ogre is moderately wounded.
You slash the shadow! The shadow hits you!
* * * LOW HITPOINT WARNING * * *
The two-headed ogre hits you with a +0 giant club!!
You die...

.........##
..........##
...........##
............#
............##
.............#
.......O.....#
.......@.....#
.......W.....#
.............#
.......[.....#
##..z........#
#...........#
#z..........#
#........?...#
z...........##


You could see a two-headed ogre, a shadow and 2 wights.

Vanquished Creatures
  Sigmund (D:2)
  Eustachio (D:5)
  A black bear (D:5)
  2 ogres
  A phantom (D:5)
  2 bullfrogs
  Blork the orc (D:4)
  2 scorpions
  A wight (D:6)
  A howler monkey (D:4)
  3 bombardier beetles
  5 hounds
  Crazy Yiuf (D:2)
  An iguana (D:5)
  An orc wizard (D:4)
  Robin (D:4)
  3 gnolls (D:5)
  18 adders
  3 ribbon worms
  2 dart slugs
  6 orcs
  13 bats
  12 endoplasms
  5 giant cockroaches
  13 goblins
  10 hobgoblins
  4 quokkas
  17 ball pythons
  2 frilled lizards
  4 kobolds
  8 rats
145 creatures vanquished.

Notes
Turn   | Place    | Note
-------+----------+-------------------------------------------
     0 | D:1      | CougarLife the Minotaur Fighter began the quest for the
                  | Orb.
     0 | D:1      | Reached XP level 1. HP: 19/19 MP: 0/0
   234 | D:1      | Found a faded altar of an unknown god.
   272 | D:1      | Reached XP level 2. HP: 27/27 MP: 1/1
   642 | D:2      | Reached skill level 3 in Axes
   709 | D:2      | Found Fuph's Distillery.
   716 | D:2      | Bought a potion of heal wounds for 50 gold pieces
   755 | D:2      | Reached XP level 3. HP: 33/33 MP: 2/2
   983 | D:2      | Found a runed translucent door.
   984 | D:2      | Noticed Crazy Yiuf
  1107 | D:2      | Noticed Sigmund
  1114 | D:2      | Killed Sigmund
  1115 | D:2      | Reached skill level 5 in Fighting
  1115 | D:2      | Reached skill level 5 in Axes
  1115 | D:2      | Reached XP level 4. HP: 42/42 MP: 3/3
  1115 | D:2      | Reached XP level 5. HP: 48/48 MP: 4/4
  1376 | D:2      | Killed Crazy Yiuf
  1497 | D:3      | Reached skill level 6 in Axes
  1497 | D:3      | Reached XP level 6. HP: 52/56 MP: 5/5
  2328 | D:4      | Reached skill level 7 in Axes
  2432 | D:4      | Found a glowing silver altar of Zin.
  2436 | D:4      | Noticed Blork the orc
  2447 | D:4      | Killed Blork the orc
  2452 | D:4      | Reached XP level 7. HP: 21/63 MP: 6/6
  2486 | D:4      | Reached skill level 8 in Axes
  2578 | D:4      | Noticed Robin
  2593 | D:4      | Killed Robin
  3549 | D:5      | Entered Level 5 of the Dungeon
  3574 | D:5      | Reached skill level 9 in Axes
  3574 | D:5      | Reached XP level 8. HP: 30/73 MP: 7/7
  4175 | D:5      | Reached skill level 10 in Axes
  4382 | D:5      | Noticed Eustachio
  4389 | D:5      | Killed Eustachio
  4390 | D:5      | Reached skill level 5 in Armour
  4602 | D:6      | Noticed a two-headed ogre
  4670 | D:6      | Demolished by a two-headed ogre

Illustrated notes

Levels and vault maps discovered:
D:1:      minmay_arrival_stair_chambers, layout_basic,
          hellmonk_ecumenical_altar_heavens_door
D:2:      layout_loops_ring, serial_shops, shop, uniq_crazy_yiuf_cottage,
          uniq_sigmund
D:3:      layout_basic, chequers_serial_rivers_micro_c
D:4:      layout_basic, mainiacjoe_overflow_boulevard, grunt_ministairs_2,
          minivault_19, minmay_misc_feat_pillars, minmay_snake_closets,
          uniq_blork_the_orc, uniq_robin
D:5:      layout_gridville, minmay_chambers_of_fives, uniq_eustachio
D:6:      layout_layer_cave, serial_library_hellmonk_room_b

Skill      XL: |  1  2  3  4  5  6  7  8 |
---------------+-------------------------+-----
Armour         | 4 6 |  6.2
Shields        | 4 |  4.0
Axes           | 3 5 6 7 9 10 | 10.3
Fighting       | 4 5 6 7 8 |  8.1

Action                     |  1- 3 |  4- 6 |  7- 9 || total
---------------------------+-------+-------+-------++-------
  Melee: War axe           |    62 |    98 |   159 ||   319
         Headbutt          |     9 |    12 |    20 ||    41
    Use: Potion            |       |       |     1 ||     1
 Armour: Scale mail        |    38 |    63 |    81 ||   182
         Plate armour      |       |       |    55 ||    55
  Dodge: Dodged            |    33 |    43 |    61 ||   137
  Block: Buckler           |    15 |    24 |    34 ||    73
